 Dungeon Sprint DCSS version 0.17-a0-2002-g92c7e20 (webtiles) character file.

364 Kidiri the Covert (level 6, -3/28 HPs)
             Began as a Spriggan Enchanter on Oct 8, 2015.
             Was an Initiate of Dithmenos.
             Slain by a spatial vortex (18 damage)
             ... in the Dungeon (Sprint III: "The Ten Rune Challenge").
             The game lasted 00:02:17 (273 turns).

Kidiri the Covert (Spriggan Enchanter)               Turns: 273, Time: 00:02:17

Health: -3/28      AC:  3    Str:  2    XL:     6   Next: 39%
Magic:  1/17       EV: 25    Int: 18    God:    Dithmenos [......]
Gold:   20         SH:  0    Dex: 19    Spells: 5 memorised, 7 levels left

rFire  . . .     SeeInvis +     a - +1 dagger
rCold  . . .     Clarity  .     b - +1 robe
rNeg   . . .     SustAt   .     (shield restricted)
rPois  .         Gourm    .     (helmet restricted)
rElec  .         Spirit   .     (no cloak)
rCorr  .         Warding  .     (gloves unavailable)
rMut   .         NoTele   +     (boots unavailable)
MR     +....                    (no amulet)
Stlth  +++++.....               (no ring)
                                (no ring)

@: very quick, somewhat resistant to hostile enchantments, quite stealthy
A: unfitting armour, rugged brown scales 1, see invisible, agile 1, deformed
body, herbivore 3, speed 3, slow metabolism 2, weak 1
a: Renounce Religion


You were in the Dungeon.
You worshipped Dithmenos.
Dithmenos was noncommittal.
You were not hungry.

You visited 1 branch You collected 20 gold pieces.

Inventory:

Hand Weapons
 a - a +1 dagger (weapon)
Armour
 b - a +1 robe (worn)
Scrolls
 j - a scroll of blinking
 l - a scroll of holy word {unknown}
 m - a scroll of enchant armour {unknown}
 n - 3 scrolls of remove curse
 q - a scroll of immolation {unknown}
Potions
 e - 2 potions of curing
 f - a potion of heal wounds
 g - a potion of haste
 h - 2 potions of magic
 i - a potion of berserk rage
 o - 2 potions of cure mutation
 p - 2 potions of flight {unknown}
Comestibles
 c - a royal jelly
 d - 2 bread rations


   Skills:
 * Level 6.2 Short Blades
 + Level 2.8 Armour
 * Level 8.6 Dodging
 * Level 9.9 Stealth
 * Level 7.1 Spellcasting
 + Level 2.3 Conjurations
 + Level 6.0 Hexes
 + Level 3.0 Ice Magic
 + Level 0.0 Invocations


You had 7 spell levels left.
You knew the following spells:

 Your Spells              Type           Power        Failure   Level  Hunger
a - Corona                Hex            ####...      1%          1    None
b - Ensorcelled Hibernat  Hex/Ice        ###...       2%          2    None
c - Confuse               Hex            ####....     2%          3    ##.....
d - Tukima's Dance        Hex            ####....     2%          3    ##.....
e - Dazzling Spray        Conj/Hex       ###.....     6%          3    ##.....


Dungeon Overview and Level Annotations

Branches:
Dungeon (1/1)

Altars:
Dithmenos
Gozag
Makhleb
Nemelex Xobeh
Qazlal
Ru
Xom
Jiyva
Lugonu


Innate Abilities, Weirdness & Mutations

You are tiny and cannot use many weapons and most armour.
You have supernaturally acute eyesight.
You are a herbivore.
You cover ground extremely quickly.
You need consume almost no food.
You are partially covered in rugged brown scales (AC +1, +3% HP).
You are agile. (Dex +2)
Armour fits poorly on your strangely shaped body.
You are weak. (Str -2)


Message History

The spray of energy hits the spatial vortex.
The spatial vortex is severely damaged.
Casting: Dazzling Spray
Confirm with . or Enter, or press ? or * to list all spells.
Aiming: Dazzling Spray
Press: ? - help, Shift-Dir - straight line, f/p - spatial vortex
Aim: a spatial vortex (severely damaged)
The spray of energy hits the spatial vortex.
The spatial vortex is almost destroyed.
The spatial vortex misses you.
Casting: Dazzling Spray
Confirm with . or Enter, or press ? or * to list all spells.
Aiming: Dazzling Spray
Press: ? - help, Shift-Dir - straight line, f/p - spatial vortex
Aim: a spatial vortex (almost destroyed)
The spray of energy hits the spatial vortex.
The spatial vortex is almost destroyed.
The spatial vortex hits you! Space warps horribly around you!
Ouch! That really hurt!
You die...

...#####..#
....#.:#..#
#..%#..#..###+#+###+##
##..##+#..#..........#
##[.###...'.⌠........#
#..####...#...######'#
#..###....#.⌠.#__#...#
...##.....#...#__#...#
...#.%....#+###_@#...#
.##.#.....# #_v#...+
.#####....# #_.'...#
▓▓ ▓▓▓▓▓▓ ▓▓▓▓▓▓▓▓


You could see a spatial vortex.

Vanquished Creatures
  A shadow (D)
  A water elemental (D)
  A scorpion (D)
  A jelly (D)
  Jessica (D)
  A human (D)
  2 oozes (D)
  A rat (D)
9 creatures vanquished.

Notes
Turn   | Place    | Note
--------------------------------------------------------------
     0 | D        | Kidiri the Spriggan Enchanter began the quest for the Orb.
     0 | D        | Reached XP level 1. HP: 9/9 MP: 5/5
     9 | D        | Reached skill level 5 in Stealth
    11 | D        | Reached XP level 2. HP: 13/13 MP: 7/7
    15 | D        | Learned a level 2 spell: Ensorcelled Hibernation
    47 | D        | Noticed Jessica
    53 | D        | Killed Jessica
    53 | D        | Reached skill level 1 in Armour
    53 | D        | Reached skill level 6 in Stealth
    53 | D        | Reached XP level 3. HP: 16/16 MP: 5/9
    60 | D        | Learned a level 3 spell: Confuse
    64 | D        | Learned a level 3 spell: Dazzling Spray
    93 | D        | Noticed a scorpion
    96 | D        | Killed a scorpion
    96 | D        | Reached skill level 5 in Dodging
    96 | D        | Reached skill level 7 in Stealth
    96 | D        | Reached skill level 1 in Ice Magic
    96 | D        | Reached XP level 4. HP: 21/21 MP: 9/11
   109 | D        | Learned a level 3 spell: Tukima's Dance
   118 | D        | Reached skill level 5 in Spellcasting
   118 | D        | Reached skill level 1 in Conjurations
   141 | D        | Gained mutation: You are partially covered in rugged brown scales (AC +1, +3% HP). [potion of mutation]
   141 | D        | Gained mutation: You are agile. (Dex +2) [potion of mutation]
   142 | D        | Gained mutation: You are weak. (Str -2) [potion of mutation]
   142 | D        | Gained mutation: Armour fits poorly on your strangely shaped body. [potion of mutation]
   189 | D        | Noticed a water elemental
   191 | D        | Killed a water elemental
   191 | D        | Reached skill level 8 in Stealth
   191 | D        | Reached skill level 5 in Hexes
   191 | D        | Reached XP level 5. HP: 24/24 MP: 14/14
   201 | D        | Noticed a jelly
   202 | D        | Noticed a shadow
   204 | D        | Killed a shadow
   204 | D        | Reached skill level 9 in Stealth
   204 | D        | Reached XP level 6. HP: 28/28 MP: 15/17
   208 | D        | Killed a jelly
   261 | D        | Found a stormy altar of Qazlal.
   261 | D        | Found a sacrificial altar of Ru.
   261 | D        | Found a burning altar of Makhleb.
   261 | D        | Found a shimmering altar of Xom.
   261 | D        | Noticed a spatial vortex
   262 | D        | Found a viscous altar of Jiyva.
   262 | D        | Found a shadowy altar of Dithmenos.
   262 | D        | Found a sparkling altar of Nemelex Xobeh.
   262 | D        | Found a corrupted altar of Lugonu.
   262 | D        | Found an opulent altar of Gozag.
   266 | D        | Became a worshipper of Dithmenos the Shadowed
   273 | D        | Slain by a spatial vortex

Vault maps used:
D:        dungeon_sprint_mu

Action                   |  1- 3 |  4- 6 || total
-------------------------+-------+-------++-------
Melee: Dagger            |     5 |     4 ||     9
 Cast: Ensorcelled Hiber |     1 |     6 ||     7
       Dazzling Spray    |       |     5 ||     5
  Use: Scroll            |       |     2 ||     2
       Potion            |       |     2 ||     2
 Stab: Sleeping          |     5 |     4 ||     9
